[ AOE2 MATCH · #506415605 ]
UnrankedKhmer vs Hindustanis
Player's team · LOSS
[ REPLAY ANALYSIS · EXTRACTED FROM THE RECORDED GAME ]
Feudal
—
Castle
—
Imperial
—
| APM avg | 47.6 |
| APM peak | 93 |
| eAPM avg | 19.3 |
| Villagers / military | 90 / 52 |
Focus
⚔️ 29.3% · 🌾 70.7%
Scout Cavalry ×18 · Archer ×16 · Spearman ×7 · Scorpion ×5 · Ballista Elephant ×3 · Skirmisher ×2
Feudal
—
Castle
—
Imperial
—
| APM avg | 45.5 |
| APM peak | 70 |
| eAPM avg | 22.3 |
| Villagers / military | 97 / 59 |
Focus
⚔️ 25.9% · 🌾 74.1%
Militia ×17 · Ghulam ×15 · Camel Scout ×8 · Scout Cavalry ×6 · Monk ×4 · Trebuchet (Packed) ×4
Match map
Initial resources + every placement click. Lines = walls · curves = elevation contours. ◆ gold · ⬟ stone · ● berries · ✦ relic · ◌ wall gap
Your base· ✓ Closed at 23:18 · 72t walls · no gate
Pabmgt's base· ✓ Closed at 17:42 · 49t walls · 1 gate(s)
Smoothed initial terrain · ◌ = detected wall gap · hover for details
Inputs per minute
— ManyKitten76428 - - Pabmgt
Build order — ManyKitten76428
First 150 of 270 actions detected
| 0:01 | Queue | Villager (Male) |
| 0:02 | Queue | Villager (Male) |
| 0:02 | Queue | Villager (Male) |
| 0:02 | Queue | Villager (Male) |
| 0:02 | Queue | Villager (Male) |
| 0:02 | Queue | Villager (Male) |
| 0:02 | Queue | Villager (Male) |
| 0:02 | Queue | Villager (Male) |
| 0:02 | Queue | Villager (Male) |
| 0:05 | Build | House |
| 0:07 | Build | House |
| 1:21 | Queue | Villager (Male) |
| 1:21 | Queue | Villager (Male) |
| 1:47 | Build | Lumber Camp |
| 1:57 | Queue | Villager (Male) |
| 1:58 | Queue | Villager (Male) |
| 2:32 | Queue | Villager (Male) |
| 2:32 | Queue | Villager (Male) |
| 2:48 | Queue | Villager (Male) |
| 2:48 | Queue | Villager (Male) |
| 3:19 | Queue | Villager (Male) |
| 3:20 | Queue | Villager (Male) |
| 3:20 | Queue | Villager (Male) |
| 3:33 | Queue | Villager (Male) |
| 3:33 | Queue | Villager (Male) |
| 3:46 | Queue | Villager (Male) |
| 3:46 | Queue | Villager (Male) |
| 3:51 | Build | House |
| 4:18 | Build | House |
| 4:23 | Queue | Villager (Male) |
| 4:23 | Queue | Villager (Male) |
| 4:23 | Queue | Villager (Male) |
| 5:03 | Build | Palisade Wall |
| 5:16 | Queue | Villager (Male) |
| 5:16 | Queue | Villager (Male) |
| 6:09 | Research | Loom |
| 6:44 | Queue | Villager (Male) |
| 7:00 | Build | House |
| 7:23 | Research | Feudal Age |
| 7:46 | Build | Palisade Wall |
| 8:00 | Queue | Villager (Male) |
| 8:00 | Queue | Villager (Male) |
| 8:26 | Build | Palisade Wall |
| 8:37 | Build | Palisade Wall |
| 9:20 | Build | Palisade Wall |
| 9:54 | Build | Stable |
| 10:03 | Build | Mill |
| 10:11 | Queue | Villager (Male) |
| 10:22 | Build | Blacksmith |
| 10:23 | Build | House |
| 10:27 | Queue | Villager (Male) |
| 10:51 | Queue | Scout Cavalry |
| 10:51 | Queue | Scout Cavalry |
| 11:01 | Build | House |
| 11:02 | Build | House |
| 11:26 | Build | Palisade Wall |
| 11:57 | Queue | Scout Cavalry |
| 11:58 | Queue | Scout Cavalry |
| 12:05 | Build | Archery Range |
| 12:08 | Queue | Villager (Male) |
| 12:08 | Queue | Villager (Male) |
| 12:08 | Queue | Villager (Male) |
| 12:14 | Build | Mining Camp |
| 12:24 | Build | Watch Tower |
| 12:45 | Build | Farm |
| 12:56 | Queue | Skirmisher |
| 12:56 | Queue | Skirmisher |
| 13:22 | Build | Palisade Wall |
| 13:33 | Queue | Villager (Male) |
| 13:33 | Queue | Villager (Male) |
| 13:55 | Queue | Villager (Male) |
| 14:04 | Build | Farm |
| 14:07 | Build | Farm |
| 14:10 | Build | Farm |
| 14:13 | Build | Farm |
| 14:29 | Queue | Villager (Male) |
| 14:33 | Build | Farm |
| 14:36 | Build | Farm |
| 14:37 | Queue | Villager (Male) |
| 14:55 | Queue | Villager (Male) |
| 14:58 | Build | Farm |
| 15:28 | Queue | Villager (Male) |
| 15:36 | Build | House |
| 15:37 | Build | House |
| 15:38 | Build | House |
| 15:39 | Build | Palisade Wall |
| 15:40 | Build | Palisade Wall |
| 15:42 | Queue | Villager (Male) |
| 15:44 | Research | Double-Bit Axe |
| 15:53 | Research | Horse Collar |
| 16:10 | Queue | Villager (Male) |
| 16:16 | Queue | Archer |
| 16:16 | Queue | Archer |
| 16:16 | Queue | Archer |
| 16:17 | Queue | Archer |
| 16:17 | Queue | Archer |
| 16:39 | Build | Mining Camp |
| 16:49 | Queue | Villager (Male) |
| 17:37 | Queue | Scout Cavalry |
| 17:37 | Queue | Scout Cavalry |
| 17:38 | Queue | Scout Cavalry |
| 17:59 | Build | Palisade Wall |
| 18:05 | Queue | Villager (Male) |
| 18:05 | Queue | Villager (Male) |
| 18:06 | Queue | Villager (Male) |
| 18:39 | Queue | Villager (Male) |
| 18:51 | Queue | Villager (Male) |
| 18:58 | Build | Farm |
| 19:00 | Build | Farm |
| 19:02 | Build | Farm |
| 19:03 | Build | Farm |
| 19:04 | Build | Farm |
| 19:07 | Queue | Villager (Male) |
| 19:21 | Build | Lumber Camp |
| 20:05 | Research | Forging |
| 20:05 | Research | Fletching |
| 20:23 | Queue | Villager (Male) |
| 20:24 | Queue | Villager (Male) |
| 20:26 | Build | Lumber Camp |
| 20:53 | Queue | Villager (Male) |
| 21:05 | Build | House |
| 21:48 | Queue | Villager (Male) |
| 21:53 | Build | House |
| 21:58 | Build | Farm |
| 21:59 | Build | Farm |
| 22:00 | Build | Farm |
| 22:02 | Build | Farm |
| 22:12 | Build | Market |
| 22:25 | Build | Farm |
| 22:27 | Build | Farm |
| 22:30 | Queue | Villager (Male) |
| 22:30 | Queue | Villager (Male) |
| 22:59 | Build | Barracks |
| 23:00 | Build | Barracks |
| 23:09 | Build | Farm |
| 23:13 | Build | Farm |
| 23:18 | Research | Castle Age |
| 23:33 | Research | Bloodlines |
| 23:54 | Research | Gold Mining |
| 24:15 | Build | House |
| 24:32 | Build | House |
| 24:35 | Build | House |
| 24:55 | Build | House |
| 25:16 | Queue | Archer |
| 25:16 | Queue | Archer |
| 25:16 | Queue | Archer |
| 25:21 | Research | Scale Mail Armor |
| 25:27 | Build | Lumber Camp |
| 25:36 | Build | House |
| 25:38 | Build | House |
Build order — Pabmgt
First 150 of 262 actions detected
| 0:01 | Build | House |
| 0:03 | Build | House |
| 0:03 | Queue | Villager (Male) |
| 0:14 | Queue | Villager (Male) |
| 0:14 | Queue | Villager (Male) |
| 0:20 | Queue | Villager (Male) |
| 1:20 | Queue | Villager (Male) |
| 1:21 | Queue | Villager (Male) |
| 1:56 | Queue | Villager (Male) |
| 1:56 | Queue | Villager (Male) |
| 2:04 | Build | Lumber Camp |
| 2:06 | Queue | Villager (Male) |
| 2:23 | Queue | Villager (Male) |
| 2:57 | Queue | Villager (Male) |
| 2:57 | Queue | Villager (Male) |
| 3:08 | Queue | Villager (Male) |
| 3:09 | Queue | Villager (Male) |
| 3:34 | Build | House |
| 3:48 | Queue | Villager (Male) |
| 4:08 | Queue | Villager (Male) |
| 4:12 | Build | Mill |
| 4:55 | Queue | Villager (Male) |
| 5:11 | Queue | Villager (Male) |
| 5:11 | Queue | Villager (Male) |
| 5:41 | Build | House |
| 6:14 | Build | Palisade Wall |
| 6:16 | Queue | Villager (Male) |
| 6:44 | Queue | Villager (Male) |
| 6:45 | Research | Loom |
| 7:05 | Build | Barracks |
| 7:09 | Research | Feudal Age |
| 7:38 | Build | House |
| 7:41 | Build | Palisade Wall |
| 8:03 | Build | Palisade Wall |
| 8:15 | Queue | Militia |
| 8:16 | Queue | Militia |
| 8:49 | Build | Mining Camp |
| 8:57 | Build | House |
| 9:10 | Queue | Villager (Male) |
| 9:26 | Build | Palisade Wall |
| 9:44 | Queue | Villager (Male) |
| 9:52 | Queue | Militia |
| 9:59 | Build | Farm |
| 10:00 | Build | Farm |
| 10:04 | Research | Double-Bit Axe |
| 10:05 | Queue | Villager (Male) |
| 10:16 | Queue | Spearman |
| 10:55 | Queue | Spearman |
| 11:01 | Research | Man-at-Arms (upgrade) |
| 11:03 | Queue | Villager (Male) |
| 11:11 | Build | Stable |
| 11:22 | Build | Farm |
| 11:23 | Queue | Villager (Male) |
| 11:40 | Build | Farm |
| 12:11 | Queue | Villager (Male) |
| 12:13 | Build | Farm |
| 12:14 | Build | Farm |
| 12:14 | Queue | Villager (Male) |
| 12:20 | Build | Palisade Wall |
| 12:23 | Build | Palisade Wall |
| 12:27 | Build | Farm |
| 12:43 | Queue | Scout Cavalry |
| 13:00 | Queue | Villager (Male) |
| 13:04 | Build | Farm |
| 13:31 | Build | Blacksmith |
| 13:36 | Queue | Villager (Male) |
| 13:53 | Build | House |
| 14:03 | Build | Farm |
| 14:03 | Queue | Villager (Male) |
| 14:05 | Build | Farm |
| 14:10 | Build | House |
| 14:42 | Build | Palisade Gate |
| 14:50 | Queue | Villager (Male) |
| 15:06 | Build | Farm |
| 15:08 | Research | Scale Mail Armor |
| 15:28 | Build | Farm |
| 15:29 | Build | Farm |
| 15:34 | Build | House |
| 15:36 | Build | Farm |
| 15:37 | Build | Farm |
| 15:59 | Build | Palisade Wall |
| 16:05 | Queue | Villager (Male) |
| 16:14 | Build | Farm |
| 16:23 | Build | House |
| 16:44 | Queue | Villager (Male) |
| 16:52 | Build | Palisade Wall |
| 17:37 | Queue | Villager (Male) |
| 17:40 | Build | Farm |
| 17:41 | Build | Farm |
| 17:42 | Research | Castle Age |
| 17:55 | Research | Scale Barding Armor |
| 18:18 | Research | Arson |
| 18:29 | Build | Farm |
| 18:30 | Research | Horse Collar |
| 18:33 | Build | Stable |
| 18:48 | Research | Forging |
| 19:04 | Build | House |
| 19:08 | Build | Palisade Wall |
| 19:26 | Research | Bloodlines |
| 19:31 | Build | Palisade Wall |
| 19:43 | Build | Farm |
| 20:13 | Build | Stable |
| 20:29 | Queue | Villager (Male) |
| 20:31 | Queue | Villager (Male) |
| 20:37 | Queue | Camel Scout |
| 20:44 | Queue | Villager (Male) |
| 20:52 | Build | Town Center |
| 21:10 | Build | Palisade Wall |
| 21:40 | Queue | Villager (Male) |
| 21:42 | Queue | Villager (Male) |
| 21:50 | Queue | Villager (Male) |
| 21:53 | Research | Bow Saw |
| 22:02 | Queue | Camel Scout |
| 22:12 | Queue | Villager (Male) |
| 22:23 | Queue | Villager (Male) |
| 22:25 | Queue | Villager (Male) |
| 22:36 | Research | Long Swordsman (upgrade) |
| 22:41 | Queue | Scout Cavalry |
| 22:42 | Research | Husbandry |
| 22:43 | Queue | Villager (Male) |
| 22:53 | Build | House |
| 22:53 | Queue | Villager (Male) |
| 22:59 | Queue | Villager (Male) |
| 23:14 | Queue | Camel Scout |
| 23:22 | Queue | Villager (Male) |
| 23:43 | Build | Siege Workshop |
| 23:44 | Queue | Villager (Male) |
| 24:06 | Queue | Camel Scout |
| 24:06 | Queue | Camel Scout |
| 24:35 | Queue | Camel Scout |
| 24:38 | Build | House |
| 24:38 | Queue | Villager (Male) |
| 24:39 | Queue | Villager (Male) |
| 24:49 | Build | Town Center |
| 24:51 | Queue | Villager (Male) |
| 24:59 | Queue | Villager (Male) |
| 25:05 | Build | Monastery |
| 25:05 | Queue | Villager (Male) |
| 25:09 | Build | Farm |
| 25:11 | Build | Farm |
| 25:11 | Queue | Villager (Male) |
| 25:38 | Queue | Camel Scout |
| 25:38 | Queue | Camel Scout |
| 25:47 | Queue | Villager (Male) |
| 25:47 | Queue | Villager (Male) |
| 25:54 | Build | Lumber Camp |
| 25:55 | Queue | Villager (Male) |
| 25:56 | Queue | Villager (Male) |
| 26:07 | Queue | Villager (Male) |
| 26:08 | Queue | Villager (Male) |
Match timeline
| 5:03 | ManyKitten76428 · wall_segment Palisade Wall x14 |
| 6:14 | Pabmgt · wall_segment Palisade Wall x8 |
| 7:05 | Pabmgt · first_building Barracks |
| 7:41 | Pabmgt · wall_segment Palisade Wall x5 |
| 7:46 | ManyKitten76428 · wall_segment Palisade Wall x5 |
| 8:03 | Pabmgt · wall_segment Palisade Wall x5 |
| 8:26 | ManyKitten76428 · wall_segment Palisade Wall x14 |
| 8:37 | ManyKitten76428 · wall_segment Palisade Wall x24 |
| 9:20 | ManyKitten76428 · wall_segment Palisade Wall x4 |
| 9:26 | Pabmgt · wall_segment Palisade Wall x15 |
| 9:54 | ManyKitten76428 · first_building Stable |
| 11:11 | Pabmgt · first_building Stable |
| 11:26 | ManyKitten76428 · wall_segment Palisade Wall x9 |
| 12:05 | ManyKitten76428 · first_building Archery Range |
| 12:20 | Pabmgt · wall_segment Palisade Wall x1 |
| 12:23 | Pabmgt · wall_segment Palisade Wall x11 |
| 13:22 | ManyKitten76428 · wall_segment Palisade Wall x1 |
| 15:39 | ManyKitten76428 · wall_segment Palisade Wall x1 |
| 15:40 | ManyKitten76428 · wall_segment Palisade Wall x1 |
| 15:59 | Pabmgt · wall_segment Palisade Wall x3 |
| 16:52 | Pabmgt · wall_segment Palisade Wall x1 |
| 17:59 | ManyKitten76428 · wall_segment Palisade Wall x1 |
| 19:08 | Pabmgt · wall_segment Palisade Wall x1 |
| 19:31 | Pabmgt · wall_segment Palisade Wall x3 |
| 21:10 | Pabmgt · wall_segment Palisade Wall x1 |
| 22:59 | ManyKitten76428 · first_building Barracks |
| 23:17 | ManyKitten76428 · first_market_buy 100 food |
| 23:43 | Pabmgt · first_building Siege Workshop |
| 25:05 | Pabmgt · first_building Monastery |
| 25:46 | ManyKitten76428 · wall_segment Stone Wall x1 |
| 25:47 | ManyKitten76428 · wall_segment Stone Wall x1 |
| 26:35 | ManyKitten76428 · first_building Siege Workshop |
| 26:44 | ManyKitten76428 · first_building Castle |
| 26:52 | ManyKitten76428 · wall_segment Stone Wall x2 |
| 27:05 | ManyKitten76428 · wall_segment Stone Wall x1 |
| 27:07 | ManyKitten76428 · wall_segment Stone Wall x1 |
| 27:08 | ManyKitten76428 · wall_segment Stone Wall x1 |
| 27:11 | ManyKitten76428 · wall_segment Stone Wall x1 |
| 27:17 | ManyKitten76428 · wall_segment Stone Wall x1 |
| 27:20 | ManyKitten76428 · wall_segment Stone Wall x1 |
| 29:34 | ManyKitten76428 · first_building Monastery |
| 32:26 | Pabmgt · first_market_sell 100 wood |
| 32:27 | Pabmgt · first_market_buy 100 food |
| 33:50 | Pabmgt · first_building Castle |
| 34:44 | ManyKitten76428 · wall_segment Stone Wall x1 |
| 35:21 | ManyKitten76428 · wall_segment Palisade Wall x1 |
| 35:34 | ManyKitten76428 · wall_segment Stone Wall x1 |
| 35:39 | ManyKitten76428 · wall_segment Stone Wall x1 |
| 35:44 | ManyKitten76428 · wall_segment Stone Wall x1 |
| 37:10 | ManyKitten76428 · wall_segment Stone Wall x9 |
| 37:25 | ManyKitten76428 · wall_segment Stone Wall x1 |
| 37:29 | ManyKitten76428 · wall_segment Stone Wall x5 |
| 37:42 | ManyKitten76428 · wall_segment Stone Wall x1 |
| 37:46 | ManyKitten76428 · wall_segment Stone Wall x1 |
| 37:47 | ManyKitten76428 · wall_segment Stone Wall x1 |
| 38:02 | ManyKitten76428 · resign |
[ AI ANALYSIS · 1 CREDIT ]
What really happened in this match?
Wolo.gg analyzes every decision: build order, eco, micro, common mistakes by bracket. Personalized analysis on WhatsApp or Discord in 30 seconds.
Civ guide
Khmer
Perfil
Jugador #15948060